AoeStats
← Cr3ep

Arabia

510924963Analyzed
3v3 RM · 17h ago on Oct 3, 2026· 28m 5s· 6 players
Game mode
Random Map
Map size
Normal (6 player)
Population
200
Speed
Normal
Resources
Standard
Victory
Conquest
Starting age
Dark Age
Ending age
Imperial Age
RankedLock teamsTeams togetherTeam positionsShared explorationLock speedFull tech treeHidden civsTurbo modeCheats
Victory
Defeat
🇦🇷 Persians · Argentina
1270
+9
🇲🇽 Ethiopians · Mexico
1096
+15
🇲🇽 Britons · Mexico
970
+57
🇺🇸 Bulgarians · United States
1248
-21
🇺🇸 Shu · United States
1122
-16
🇹🇷 Spanish · Türkiye
884
-7
AlverthXIII
10:15 Feudal Age
10:21 Loom
11:20 Double-Bit Axe
13:50 Wheelbarrow
16:06 Fletching
25:46 Padded Archer Armor
27:55 Castle Age
Cr3ep
9:35 Loom
12:10 Feudal Age
26:30 Gold Mining
27:51 Fletching
28:01 Padded Archer Armor
30:18 Castle Age
VL marianinka
4:49 Loom
6:47 Loom
9:09 Feudal Age
9:44 Double-Bit Axe
9:41 Horse Collar
18:42 Gold Mining
22:36 Castle Age
22:15 Bloodlines
22:44 Scale Barding Armor
22:50 Forging
23:16 Husbandry
28:02 Gold Shaft Mining
27:41 Bow Saw
27:34 Heavy Plow
amityy
7:12 Loom
9:33 Feudal Age
12:46 Forging
12:25 Arson
13:06 Scale Mail Armor
13:22 Double-Bit Axe
15:29 Horse Collar
22:01 Fletching
22:12 Padded Archer Armor
27:42 Castle Age
Jersey_TitanX
2:36 Loom
10:38 Feudal Age
11:41 Double-Bit Axe
13:20 Wheelbarrow
17:03 Fletching
20:49 Padded Archer Armor
26:44 Castle Age
Jagdpanzer
16:39 Feudal Age
19:41 Man-at-Arms
20:06 Arson
22:05 Scale Mail Armor
Connection lost

Rejoining the realm…

Still unreachable

The connection could not be restored.

Session expired

The server has moved on; the page needs a fresh start.